 Dungeon Crawl Stone Soup version 0.22.0-27-ga576289 (webtiles) character file.

487 leisz the Cudgeler (level 6, -1/93 HPs)
             Began as a Troll Berserker on Aug 22, 2018.
             Was a Priest of Trog.
             Slain by a troll (7 damage)
             ... on level 5 of the Dungeon.
             The game lasted 00:14:14 (2410 turns).

leisz the Cudgeler (Troll Berserker)                Turns: 2410, Time: 00:14:14

Health: -1/93      AC:  7    Str: 32    XL:     6   Next: 89%
Magic:  5/5        EV: 11    Int:  3    God:    Trog [***...]
Gold:   135        SH:  0    Dex: 10    Spells: 5/5 levels left

rFire    . . .     SeeInvis .   a - +0 mace
rCold    . . .     Gourm    +   (no shield)
rNeg     . . .     Faith    .   b - +2 animal skin
rPois    .         Spirit   .   (helmet restricted)
rElec    .         Reflect  .   (no cloak)
rCorr    .         Harm     .   (gloves unavailable)
MR       ++...                  (boots unavailable)
Stlth    ..........             p - amulet of magic regeneration
HPRegen  1.65/turn              (no ring)
MPRegen  0.34/turn              (no ring)

@: berserking, regenerating, very quick
A: large, unfitting armour, claws 3, fast metabolism 3, gourmand, regeneration
1, shaggy fur 1, tough skin 2
a: Berserk, Trog's Hand, Renounce Religion


You were on level 5 of the Dungeon.
You worshipped Trog.
Trog was most pleased with you.
You were very full.

You visited 1 branch of the dungeon, and saw 5 of its levels.

You collected 135 gold pieces.

Inventory:

Hand Weapons
 a - a +0 mace (weapon)
 i - a +0 short sword of venom
Missiles
 f - 153 stones (quivered)
 r - 7 poisoned tomahawks
Armour
 b - a +2 animal skin (worn)
Jewellery
 p - an amulet of magic regeneration (around neck)
Wands
 s - a wand of scattershot (4)
Scrolls
 e - a scroll of identify {unknown}
 j - a scroll of noise {unknown}
 l - a scroll of amnesia
 m - a scroll of blinking {unknown}
 n - a scroll of teleportation
 q - a scroll of fear {unknown}
Potions
 d - a potion of haste {unknown}
 g - 3 potions of curing {unknown}
 o - a potion of might
 t - a potion of magic {unknown}
 u - a potion of flight {unknown}
Comestibles
 c - 8 rations


   Skills:
 + Level 3.8 Fighting
 + Level 4.2 Maces & Flails
 + Level 2.8 Armour
 + Level 3.8 Dodging


You had 5 spell levels left.
You didn't know any spells.
Your spell library was empty.

Dungeon Overview and Level Annotations

Branches:
Dungeon (5/15)
 Temple: D:4-7

Altars:
Yredelemnul


Innate Abilities, Weirdness & Mutations

You are too large for most types of armour.
You have claws for hands.
Your metabolism is lightning-fast.
You like to eat raw meat.
Your natural rate of healing is unusually fast.
You are covered in fur. (AC +1)
You have very tough skin. (AC +2)


Message History

* * * LOW HITPOINT WARNING * * *
The troll bites you.
* * * LOW HITPOINT WARNING * * *
The troll closely misses you. The troll claws you.
* * * LOW HITPOINT WARNING * * *
You miss the hound. The hound bites you but does no damage.
The troll barely misses you. The troll closely misses you. The troll claws you.
* * * LOW HITPOINT WARNING * * *
You sock the hound!
The hound is heavily wounded.
You feel the effects of Trog's Hand fading.
The hound bites you.
* * * LOW HITPOINT WARNING * * *
You sock the hound!
You kill the hound!
Trog accepts your kill. The troll bites you.
* * * LOW HITPOINT WARNING * * *
The troll claws you!
You die...

######
#@†..##...
#.T.......
#....####+
#....#
######


You could see a troll.

Vanquished Creatures
  The ghost of adept the Chopper, an amateur HOMo of Beogh (D:5)
  The ghost of grocchini the Insei, an amateur OpTm (D:3)
  A hound (D:5)
  4 gnolls
  2 adders
  2 oozes
  3 worms
  4 dart slugs
  3 leopard geckos (D:1)
  An orc (D:3)
  A giant cockroach (D:3)
  7 goblins
  7 hobgoblins
  11 jackals
  A quokka (D:2)
  A ball python (D:2)
  8 bats
  5 frilled lizards
  12 kobolds
  10 rats
85 creatures vanquished.

Notes
Turn   | Place    | Note
-------+----------+-------------------------------------------
     0 | D:1      | leisz the Troll Berserker began the quest for the Orb.
     0 | D:1      | Reached XP level 1. HP: 22/22 MP: 0/0
    59 | D:1      | Reached XP level 2. HP: 13/29 MP: 1/1
   282 | D:1      | Reached skill level 3 in Maces & Flails
   396 | D:1      | Reached XP level 3. HP: 27/36 MP: 2/2
   399 | D:1      | Reached skill level 1 in Armour
   438 | D:1      | Reached ** piety under Trog
   906 | D:2      | Reached XP level 4. HP: 44/44 MP: 3/3
  1564 | D:3      | Found a runed door.
  1574 | D:3      | Noticed grocchini's ghost (amateur OpTm)
  1645 | D:3      | Reached *** piety under Trog
  1696 | D:3      | Reached XP level 5. HP: 45/53 MP: 4/4
  1941 | D:3      | Killed grocchini's ghost
  2063 | D:4      | Found a basalt altar of Yredelemnul.
  2140 | D:4      | Noticed adept's ghost (amateur HOMo)
  2147 | D:4      | Found a runed gate.
  2147 | D:4      | Found a runed gate.
  2215 | D:4      | Noticed a troll
  2237 | D:4      | Found a runed gate.
  2277 | D:5      | Entered Level 5 of the Dungeon
  2335 | D:5      | Killed adept's ghost
  2335 | D:5      | Reached skill level 4 in Maces & Flails
  2335 | D:5      | Reached XP level 6. HP: 22/62 MP: 5/5
  2410 | D:5      | Slain by a troll

Skill      XL: |  1  2  3  4  5 |
---------------+----------------+-----
Maces & Flails | 3 4 |  4.2
Armour         | 1 2 |  2.8
Fighting       | 3 |  3.8
Dodging        | 3 |  3.8

Action                   |  1- 3 |  4- 6 || total
-------------------------+-------+-------++-------
Melee: Mace              |   120 |   212 ||   332
Throw: Stone             |    25 |    59 ||    84
Invok: Berserk           |       |     6 ||     6
       Trog's Hand       |       |     4 ||     4
  Use: Scroll            |       |     4 ||     4
  Eat: Chunk             |    14 |    21 ||    35
Armor: Animal skin       |    37 |   139 ||   176
Dodge: Dodged            |    74 |   204 ||   278
